Map: Deathaura LE

Players

Geralt (Gerald)

  • Race: Protoss Protoss
  • League: Grandmaster
  • Spawn Location: 11:00

HeroMarine - Winner!

  • Race: Terran Terran
  • League: Master
  • Spawn Location: 5:00

Event: DreamHack SC2 Masters 2020 Summer Europe

VOD

Have the link to the VOD?

Description

Time

  • Played on: June 24, 2020, 1:07 p.m.
  • Length: 13:35

All games in this series

Show
View Real Time Build Order
Export as new Build Order

Geralt Protoss 

Build Orders: 1 Gate Expand, Blink Stalkers, Dark Templar Rush 

Get SALT Encoding   

  12  0:00  Probe  
  13  0:12  Probe  
  14  0:17  Pylon  
  14  0:23  Probe  
  15  0:31  Probe  
  15  0:37  Gateway  
  15  0:40  Probe  
  16  0:46  Assimilator  
  17  0:51  Probe  
  18  1:03  Probe  
  19  1:16  Probe  
  20  1:24  Cybernetics Core  
  20  1:28  Probe  
  21  1:35  Nexus  
  21  1:42  Pylon  
  21  1:47  Probe  
  21  1:50  Adept, Assimilator  
  22  1:59  Probe  
  25  2:03  Warp Gate  
  25  2:10  Stalker  
  25  2:11  Probe  
  28  2:23  Probe  
  28  2:27  Twilight Council  
  29  2:38  Probe  
  30  2:46  Stalker  
  30  2:49  Probe, Pylon  
  33  2:55  Probe  
  34  3:01  Probe  
  35  3:07  Probe  
  36  3:13  Probe  
  36  3:19  Probe  
  38  3:23  Probe, Dark Shrine  
  39  3:27  Probe, Blink  
  39  3:28  Gateway  
  39  3:30  Gateway  
  39  3:31  Probe  
  40  3:35  Probe  
  40  3:39  Probe  
  42  3:45  Probe  
  44  3:52  Probe  
  43  3:57  Probe, Assimilator  
  43  4:00  Assimilator  
  44  4:02  Gateway  
  44  4:04  Probe  
  44  4:09  Robotics Facility  
  46  4:10  Probe  
  46  4:13  Stalker  
  46  4:16  Probe  
  49  4:22  Probe  
  50  4:34  Probe  
  50  4:35  Dark Templar  
  52  4:38  Dark Templar  
  52  4:43  Pylon  
  52  4:44  Pylon  
  54  5:01  Probe x2  
  54  5:03  Nexus  
  54  5:05  Pylon  
  54  5:06  Stalker  
  58  5:12  Stalker  
  58  5:13  Probe x2  
  58  5:18  Templar Archives  
  58  5:19  Stalker  
  60  5:22  Charge  
  60  5:24  Stalker  
  60  5:27  Probe x2  
  64  5:34  Pylon  
  64  5:39  Probe  
  64  5:40  Psionic Storm  
  64  5:43  Probe  
  64  5:48  Stalker x4  
  73  5:56  Pylon  
  75  5:58  Probe  
  75  6:03  Probe  
  75  6:12  Shield Battery  
  75  6:18  Immortal, Zealot x3, High Templar  
  83  6:26  Probe  
  83  6:27  Probe  
  87  6:34  Probe  
  87  6:38  Gateway  
  87  6:39  Dark Templar  
  90  6:40  Gateway  
  90  6:42  Zealot  
  92  6:48  Probe, Zealot  
  95  6:56  Pylon  
  95  6:58  Pylon  
  95  7:00  Pylon  
  95  7:05  Gateway  
  95  7:06  Warp Prism  
  95  7:10  Gateway  
  95  7:14  Probe x3  
  95  7:15  Zealot  
  100  7:24  Zealot x2  
  100  7:26  Probe  
  96  7:37  Zealot x3  
  96  7:41  Probe  
  96  7:42  Probe  
  104  7:45  Assimilator  
  104  7:46  High Templar  
  104  7:47  Pylon, High Templar  
  104  7:50  Probe  
  109  7:54  Pylon  
  113  8:05  Immortal  
  113  8:10  Pylon  
  113  8:11  Probe, Pylon  
  114  8:15  High Templar x2  
  114  8:16  Robotics Bay  
  114  8:17  Pylon, Zealot x3  
  124  8:21  Gateway  
  124  8:22  Probe  
  124  8:23  Pylon  
  124  8:25  Assimilator  
  125  8:28  Probe, Assimilator  
  125  8:29  Probe  
  127  8:36  Pylon  
  127  8:40  Probe  
  128  8:42  Nexus  
  128  8:44  Stalker  
  128  8:45  Stalker  
  132  8:51  Pylon  
  132  8:52  Assimilator  
  132  8:53  Zealot x2  
  136  8:57  Assimilator  
  134  9:04  Forge  
  134  9:05  Zealot x2  
  134  9:06  Zealot  
  140  9:15  Zealot x4  
  129  9:26  Zealot x2  
  129  9:27  Zealot x2, Disruptor  
  139  9:31  Probe  
  139  9:35  Probe, Pylon  
  139  9:36  Probe  
  141  9:39  High Templar x4  
  133  9:56  Zealot  
  133  9:57  Zealot x3  
  129  10:02  Disruptor  
  113  10:07  Archon  
  110  10:17  Zealot x8  
  105  10:27  Archon  
  105  10:28  Probe  
  105  10:31  Probe x3  
  107  10:38  Disruptor  
  107  10:42  Zealot x3, Protoss Ground Armor Level 1  
  114  10:43  Probe x2  
  114  10:48  Zealot x2  
  110  10:51  High Templar x3  
  116  11:02  Probe  
  111  11:08  Zealot x4  
  113  11:13  Zealot  
  113  11:14  Disruptor  
  116  11:23  Stalker  
  116  11:24  High Templar x2  
  120  11:30  Probe x3  
  120  11:31  Probe  
  124  11:36  Stalker x5  
  134  11:42  Probe x3  
  134  11:49  Disruptor  
  121  12:01  Archon  
  121  12:02  High Templar x2  
  121  12:03  Zealot x2  
  129  12:08  Zealot x4  
  131  12:17  Probe  
  126  12:24  Stalker x2  
  126  12:25  Disruptor  
  126  12:27  Probe, Photon Cannon  
  126  12:29  Shield Battery  
  134  12:30  Zealot x4  
  134  12:35  Stalker x2  
  147  12:37  Probe  
  147  12:39  Probe  
  147  12:42  Robotics Facility  
  147  12:43  Probe  
  149  12:45  Probe  
  150  12:55  Stalker x6  
  125  13:11  Zealot x2  
Show
View Real Time Build Order
Export as new Build Order

HeroMarine Terran - Winner!

Build Orders: Reaper Expand 

Get SALT Encoding   

  12  0:00  SCV  
  13  0:12  SCV  
  14  0:16  Supply Depot  
  14  0:25  SCV  
  15  0:38  SCV  
  15  0:39  Barracks  
  16  0:43  Refinery  
  16  0:50  SCV  
  17  1:02  SCV  
  18  1:14  SCV  
  19  1:27  Reaper, Orbital Command  
  20  1:45  Command Center  
  20  1:51  Supply Depot  
  20  1:52  SCV  
  21  1:59  Barracks Reactor  
  21  2:00  Refinery  
  21  2:04  SCV  
  22  2:16  SCV, Bunker  
  22  2:20  Factory  
  23  2:28  SCV  
  24  2:35  Marine x2  
  26  2:41  SCV  
  27  2:52  Marine  
  27  2:53  SCV, Marine  
  30  3:01  Orbital Command  
  30  3:05  SCV, Starport, Factory Tech Lab  
  31  3:12  Marine x2  
  33  3:17  SCV  
  34  3:24  Barracks  
  34  3:27  SCV  
  35  3:29  SCV  
  35  3:31  Marine x2  
  38  3:39  SCV  
  38  3:41  SCV, Supply Depot  
  39  3:51  SCV  
  39  3:52  Barracks  
  39  3:53  SCV  
  41  3:55  Raven  
  41  4:00  Engineering Bay  
  43  4:03  SCV  
  43  4:05  SCV  
  43  4:07  Marine x2  
  47  4:10  Factory Tech Lab  
  47  4:14  Supply Depot  
  47  4:15  SCV  
  48  4:17  SCV  
  49  4:27  SCV  
  49  4:29  SCV, Marine x2  
  53  4:33  Terran Infantry Weapons Level 1, Stimpack  
  53  4:38  Refinery  
  55  4:39  SCV  
  55  4:42  SCV  
  57  4:47  Factory Reactor  
  57  4:49  Marine x2  
  57  4:51  SCV  
  57  4:52  Combat Shield  
  60  4:54  Starport Reactor  
  60  4:57  SCV  
  60  4:58  Supply Depot  
  60  4:59  Supply Depot  
  59  5:03  SCV, Marine x2  
  62  5:07  Missile Turret  
  62  5:14  Refinery  
  62  5:16  Supply Depot  
  62  5:20  SCV x2, Marine x2  
  66  5:22  Marauder x2  
  66  5:27  Supply Depot  
  70  5:29  Medivac  
  70  5:30  Medivac  
  70  5:31  Widow Mine x2  
  78  5:37  Marine  
  78  5:38  SCV, Marine  
  78  5:42  Supply Depot  
  81  5:43  Marauder x2  
  85  5:55  Supply Depot, Widow Mine x2, Marine x2  
  91  6:01  Medivac  
  91  6:03  Medivac  
  95  6:04  Marauder  
  95  6:05  Marauder  
  97  6:16  Marine x2  
  96  6:19  Widow Mine x2  
  96  6:26  Marauder x2  
  96  6:31  Command Center  
  100  6:33  Marine  
  100  6:34  Marine  
  100  6:39  Medivac x2  
  106  6:42  Supply Depot  
  105  6:47  Marauder x2  
  105  6:51  Marine  
  110  7:02  Terran Infantry Armor Level 1  
  110  7:03  SCV x2, Marine  
  110  7:04  Widow Mine x2  
  110  7:08  Marine  
  117  7:10  Marauder  
  118  7:32  Barracks  
  118  7:33  Marauder  
  118  7:34  Barracks  
  118  7:35  Medivac  
  118  7:36  SCV, Marine x2  
  118  7:37  SCV  
  117  7:43  Medivac, Marauder, Widow Mine x2  
  126  7:48  SCV  
  126  7:49  SCV  
  126  7:50  Concussive Shells  
  128  7:55  Ghost Academy  
  128  7:56  Marauder  
  130  8:00  SCV  
  130  8:01  SCV  
  132  8:09  Orbital Command  
  132  8:12  SCV  
  133  8:17  Supply Depot  
  133  8:18  SCV, Supply Depot x2, Medivac  
  133  8:19  Marauder x2  
  140  8:23  Barracks Reactor, Barracks Tech Lab  
  140  8:24  SCV  
  141  8:28  Enhanced Shockwaves  
  141  8:31  Supply Depot x2  
  141  8:38  SCV, Widow Mine x2  
  141  8:39  Ghost x2, Marine x2  
  152  8:45  Ghost  
  154  8:54  Refinery x2  
  154  8:57  SCV, Marine x2  
  154  8:58  SCV x2  
  154  9:00  Widow Mine x2  
  154  9:01  Missile Turret  
  161  9:04  Marine x2  
  161  9:09  SCV  
  164  9:10  SCV  
  164  9:11  SCV  
  164  9:25  Marauder  
  164  9:31  Armory, Medivac x2, Widow Mine x2  
  170  9:33  Marauder x2, Marine x3  
  181  9:39  Missile Turret  
  181  9:50  Marine  
  181  9:53  Marauder  
  181  9:55  Marauder  
  181  9:58  Marine  
  174  10:07  Marauder  
  174  10:09  Marine  
  174  10:10  Marine x2  
  174  10:11  Medivac x2, Widow Mine x2  
  177  10:14  Marauder  
  177  10:19  Marauder, Terran Infantry Weapons Level 2  
  177  10:20  Marine  
  167  10:25  Command Center  
  167  10:27  Marine x2  
  154  10:28  Marauder  
  154  10:32  Widow Mine x2  
  158  10:36  Marauder, Marine  
  158  10:38  Marine  
  158  10:41  Marauder  
  162  10:53  Widow Mine  
  162  10:54  Widow Mine, Barracks  
  162  10:56  Engineering Bay, Barracks x2  
  149  10:57  Sensor Tower  
  147  11:08  Marauder, Marine x3  
  147  11:09  Marauder  
  153  11:11  Marauder  
  153  11:16  Marine  
  154  11:25  SCV x3  
  149  11:26  Marine x2  
  149  11:30  Ghost, Marauder  
  149  11:32  Ghost  
  157  11:38  Liberator  
  160  11:40  Liberator  
  163  11:50  Ghost  
  156  12:00  Marauder, Marine x2  
  156  12:01  Marauder  
  158  12:19  Ghost, Marine x2  
  158  12:20  Barracks Reactor, Ghost, Barracks Tech Lab x2  
  158  12:21  Ghost  
  158  12:22  SCV x3  
  167  12:25  SCV  
  164  12:34  SCV x2  
  164  12:35  Marine  
  164  12:36  Marine  
  170  12:37  Refinery x2, Widow Mine  
  170  12:38  Planetary Fortress  
  170  12:45  SCV  
  170  12:46  SCV x2  
  170  12:47  Ghost  
  170  12:49  Ghost  
  170  12:51  Marauder  
  177  12:52  Marauder x2  
  177  12:57  SCV  
  178  12:58  Marine x2  
  178  13:01  SCV x2  
  181  13:09  SCV  
  181  13:10  Marine x2  
  181  13:12  Marauder  
  178  13:13  Marauder x2  
Tags
 
Add a new tag
Caveats
  • Supply blocks, unpowered buildings, or Contaminate may cause inaccurate times.
  • Supply counts are checked every 10 seconds.